 Dungeon Crawl Stone Soup version 0.31-a0-175-g9f7f995f2b (webtiles) character file.

Game seed: 3998854321496641894

28 qw the Shield-Bearer (level 3, -1/23 HPs)
             Began as a Gargoyle Fighter on June 16, 2023.
             Slain by an ogre
             ... wielding a +0 giant spiked club
              (2 damage)
             ... on level 2 of the Dungeon.
             The game lasted 00:00:32 (807 turns).

qw the Shield-Bearer (Gargoyle Fighter)              Turns: 807, Time: 00:00:32

Health: -1/23      AC: 12    Str: 21    XL:     3   Next: 12%
Magic:  3/3        EV:  9    Int:  8    God:
Gold:   46         SH:  4    Dex:  9    Spells: 2/2 levels left

rFire   . . .        Y - +1 war axe
rCold   . . .        c - +0 buckler
rNeg    + . .        b - +0 scale mail
rPois   inf          g - +0 helmet
rElec   +            j - +0 cloak
rCorr   .            (no gloves)
SInv    .            (no boots)
Will    .....        (no amulet) Stlth
                     (no ring)
HPRegen 0.23/turn    (no ring)
MPRegen 0.08/turn

%: no passive effects
@: no status effects
A: sickness immunity, AC +3, negative energy resistance 1, electricity
resistance, torment resistance 1, petrification resistance
a: no special abilities


You were on level 2 of the Dungeon.
You visited 1 branch of the dungeon, and saw 2 of its levels.

You collected 46 gold pieces.


Innate Abilities, Weirdness & Mutations

You are immune to sickness and miasma.
Your stone body is resilient. (AC +3)
You are immune to poison.
You resist negative energy. (rN+)
You are resistant to electric shocks. (rElec)
You are resistant to unholy torment.
You are immune to petrification.


   Skills:
 - Level 3.2 Fighting
 + Level 3.2 Axes
 - Level 3.2 Armour
 - Level 3.2 Shields


You had 2 spell levels left.
You didn't know any spells.
Your spell library was empty.

Inventory:

Hand Weapons
 i - a +0 whip
 Y - a +1 war axe (weapon)
Armour
 a - an orb of wrath
 b - a +0 scale mail (worn)
 c - a +0 buckler (worn)
 g - a +0 helmet (worn)
 j - a +0 cloak (worn)
Scrolls
 h - a scroll of identify
Potions
 d - a potion of might
 e - a potion of lignification

Dungeon Overview and Level Annotations

Branches:
Dungeon (2/15)

Altars:


Message History

Things that are here:
a +0 short sword; 2 stones; a kobold corpse
Found a leather armour.
A worm comes into view.
Found a stone staircase leading down.
You slash the worm!
The worm is severely wounded.
The worm bites you.
You slash the worm!
You kill the worm!
You start resting.
HP restored.
You now have 46 gold pieces (gained 8).
Found an escape hatch in the ceiling.
An ogre comes into view. It is wielding a +0 giant spiked club.
The ogre shouts!
You hear a shout!
A hobgoblin comes into view.
You see here a white potion.
796 ||| Stepping ~*~*~tactically~*~*~ (stealth).
You see here a white potion.
799 ||| Stepping ~*~*~tactically~*~*~ (stealth).
You hit the ogre.
The ogre is moderately wounded.
The ogre hits you with a +0 giant spiked club!
Ouch! That really hurt!
You barely miss the ogre.
The ogre is moderately wounded.
You block the ogre's attack.
You hit the ogre.
The ogre is moderately wounded.
You block the ogre's attack.
You barely miss the ogre.
The ogre is moderately wounded.
The ogre hits you with a +0 giant spiked club!
You hit the ogre.
The ogre is heavily wounded.
You barely miss the ogre.
The ogre is heavily wounded.
The ogre hits you with a +0 giant spiked club.
You die...

#.........###..
#>........#....
.#####.............# .
................... g.
...............### ...
.######.......## #..
###......)#
#.<.####...#.###.#
#....O@.###.# #.#######
#....!#..#..# #........
#....####.....##........
....# ##.#...........
#.. .####........ ## #
#........ #........
#........ .>.......#


You could see an ogre.

Vanquished Creatures
  A worm (D:2)
  2 ball pythons (D:1)
  3 bats (D:1)
  4 endoplasms
  A giant cockroach (D:2)
  A goblin (D:1)
  2 hobgoblins (D:1)
  2 frilled lizards (D:1)
  4 kobolds
  A rat (D:1)
21 creatures vanquished.

Notes
Turn   | Place    | Note
-------+----------+-------------------------------------------
     0 | D:1      | qw the Gargoyle Fighter began the quest for the Orb.
     0 | D:1      | Reached XP level 1. HP: 14/14 MP: 1/1
     0 | D:1      | 0 ||| qw: Version: 0.2-a-29-g511e9b1
     0 | D:1      | 0 ||| qw: Game counter: 5686
     0 | D:1      | 0 ||| qw: Always use a shield: true
     0 | D:1      | 0 ||| qw: God list: Okawaru
     0 | D:1      | 0 ||| qw: Allow faded altars: false
     0 | D:1      | 0 ||| qw: Do Orc after D:15 true
     0 | D:1      | 0 ||| qw: Do second Lair branch before Depths: true
     0 | D:1      | 0 ||| qw: Lair rune preference: random
     0 | D:1      | 0 ||| qw: Plans: Normal, Zot:1-4, Slime:5, God:TSO, Crypt,
                  | Tomb, Abyss, Pan, Hells, Win
     0 | D:1      | 0 ||| PLANNING D:1-11
    65 | D:1      | HP: 3/14 [frozen (5)]
   139 | D:1      | Reached XP level 2. HP: 18/19 MP: 2/2
   263 | D:1      | 263 ||| Stepping ~*~*~tactically~*~*~ (hiding).
   265 | D:1      | 265 ||| Stepping ~*~*~tactically~*~*~ (hiding).
   376 | D:1      | 376 ||| DROPPING +0 club.
   602 | D:1      | 602 ||| Stepping ~*~*~tactically~*~*~ (stealth).
   647 | D:1      | 647 ||| UPGRADING to +0 helmet.
   652 | D:1      | 652 ||| UPGRADING to +0 cloak.
   657 | D:1      | 657 ||| READING scroll labelled RYM KOEWNOHI.
   658 | D:1      | 658 ||| READING 2 scrolls labelled MOLIOGR EBIANULO.
   659 | D:1      | 659 ||| READING scroll labelled MIOMEF CUCYTAFA.
   660 | D:1      | 660 ||| DRINKING 2 metallic coppery potions.
   719 | D:2      | Reached skill level 3 in Axes
   735 | D:2      | Reached XP level 3. HP: 20/23 MP: 3/3
   795 | D:2      | Noticed an ogre
   796 | D:2      | 796 ||| Stepping ~*~*~tactically~*~*~ (stealth).
   799 | D:2      | 799 ||| Stepping ~*~*~tactically~*~*~ (stealth).
   805 | D:2      | HP: 1/23 [ogre/+0 giant spiked club (8)]
   807 | D:2      | Slain by an ogre

Levels and vault maps discovered:
D:1:      wheals_arrival_shading, layout_rooms, corexii_leaking_fountain
D:2:      layout_rooms, serial_shops, shop

Skill      XL: |  1  2 |
---------------+-------+-----
Axes           | 2 3 |  3.2
Fighting       | |  3.2
Armour         | |  3.2
Shields        | |  3.2

Action                     || total
---------------------------++-------
  Melee: War axe           ||    74
    Use: Scroll            ||     3
         Potion            ||     1
 Armour: Scale mail        ||    40
  Dodge: Dodged            ||    32
  Block: Buckler           ||    13

Table legend:
 A = Non-vault XP
 B = Vault XP
 C = Vault XP percentage of total XP
 D = Non-vault monster count
 E = Vault monster count
 F = Vault count percentage of total count
                 A         B        C        D         E       F
            +---------+---------+-------+---------+---------+-------
      Total |      40 |       0 |   0.0 |      21 |       0 |   0.0
            +---------+---------+-------+---------+---------+-------
        D:1 |      29 |       0 |   0.0 |      17 |       0 |   0.0
        D:2 |      11 |       0 |   0.0 |       4 |       0 |   0.0
            +---------+---------+-------+---------+---------+-------
